 Dungeon Crawl Stone Soup version 0.32-a0-876-gcfddb08e57 (webtiles) character file.

Game seed: 4603099489270306394

72 porpoise the Shooter (level 4, -2/40 HPs)
             Began as a Minotaur Hunter on Mar 31, 2024.
             Slain by a gnoll
             ... wielding a +0 spear
              (9 damage)
             ... on level 3 of the Dungeon.
             The game lasted 00:03:35 (1589 turns).

porpoise the Shooter (Minotaur Hunter)              Turns: 1589, Time: 00:03:36

Health: -2/40      AC:  3    Str: 16    XL:     4   Next: 7%
Magic:  3/3        EV: 11    Int:  6    God:
Gold:   99         SH:  0    Dex: 15    Spells: 3/3 levels left

rFire   . . .        a - +0 shortbow
rCold   . . .        (shield currently unavailable)
rNeg    . . .        c - +0 leather armour
rPois   .            (helmet restricted)
rElec   .            (no cloak)
rCorr   .            (no gloves)
SInv    .            (no boots)
Will    +....        (no amulet)
Stlth   +            g - ring of willpower
HPRegen 0.26/turn    (no ring)
MPRegen 0.08/turn

%: no passive effects
@: no status effects
A: horns 2, retaliatory headbutt
a: no special abilities


You were on level 3 of the Dungeon.
You visited 1 branch of the dungeon, and saw 3 of its levels.

You collected 99 gold pieces.

Inventory:

Hand Weapons
 a - a +0 shortbow (weapon)
 q - a +0 long sword
Missiles
 i - 6 boomerangs
Armour
 c - a +0 leather armour (worn)
Jewellery
 g - a ring of willpower (left hand)
 n - a ring of fire
 r - an amulet of faith
Scrolls
 b - a scroll of butterflies
 e - a scroll of revelation {unknown}
 f - a scroll of identify {unknown}
 j - a scroll of teleportation {unknown}
 p - a scroll of blinking {unknown}
 s - a scroll of noise {unknown}
 t - a scroll of fear {unknown}
Potions
 d - a potion of heal wounds {unknown}
 h - a potion of ambrosia {unknown}
 k - a potion of cancellation {unknown}
 l - a potion of haste {unknown}
 m - 3 potions of curing {unknown}
 o - a potion of resistance {unknown}


   Skills:
 + Level 3.6 Fighting
 * Level 5.6 Ranged Weapons
 - Level 2.1 Dodging
 - Level 0.7 Stealth


You had 3 spell levels left.
You didn't know any spells.
Your spell library was empty.

Dungeon Overview and Level Annotations

Branches:
Dungeon (3/15)

Altars:

Annotations:
D:2 Sigmund


Innate Abilities, Weirdness & Mutations

You have a pair of horns on your head.
You reflexively headbutt those who attack you in melee.


Message History

The gnoll hits you from afar with a +0 spear.
You shoot an arrow.
The arrow hits the gnoll but does no damage.
The gnoll is moderately wounded.
A hobgoblin comes into view.
The gnoll hits you from afar with a +0 spear.
You shoot an arrow. The hobgoblin shouts!
The arrow hits the gnoll.
The gnoll is severely wounded.
The gnoll completely misses you.
You shoot an arrow. The arrow barely misses the gnoll.
The arrow hits the gnoll but does no damage.
The gnoll is severely wounded.
The gnoll hits you with a +0 whip. The gnoll barely misses you.
The gnoll closely misses you.
You shoot an arrow. The arrow barely misses the gnoll.
The arrow hits the gnoll.
The gnoll is severely wounded.
The gnoll hits you from afar with a +0 spear!
The gnoll closely misses you.
You shoot an arrow. The arrow hits the gnoll.
The gnoll is heavily wounded.
The gnoll barely misses you. You furiously retaliate!
You headbutt the gnoll.
The gnoll hits you from afar with a +0 spear.
The gnoll hits you from afar with a +0 spear!
You are too injured to fight recklessly!
You are too injured to fight recklessly!
You are too injured to fight recklessly!
You shoot an arrow. The arrow hits the gnoll.
The gnoll is almost dead.
The gnoll hits you with a +0 whip.
* * * LOW HITPOINT WARNING * * *
The gnoll barely misses you.
The gnoll hits you from afar with a +0 spear.
* * * LOW HITPOINT WARNING * * *
You shoot an arrow. The arrow hits the gnoll.
You kill the gnoll!
The gnoll hits you from afar with a +0 spear!
You die...

.........######..
..##...#.#
..###..#.# ..#
#..#.#####
..####.#.....#
.......#####.#
..####.#####.##
..# #.##.....####
### #.##......)@#
#.##.....##.#
..#####...ggg#
... #......# .#.
#....... .. .
#.....)..
#.........
..........#
#..........#


You could see 2 gnolls and a hobgoblin.

Vanquished Creatures
  2 gnolls (D:3)
  2 adders (D:2)
  A ribbon worm (D:2)
  A dart slug (D:1)
  3 endoplasms
  2 giant cockroaches
  2 goblins
  2 hobgoblins
  2 jackals (D:1)
  3 quokkas
  6 ball pythons
  4 bats (D:1)
  A frilled lizard (D:2)
  4 kobolds (D:1)
  6 rats
41 creatures vanquished.

Notes
Turn   | Place    | Note
-------+----------+-------------------------------------------
     0 | D:1      | porpoise the Minotaur Hunter began the quest for the Orb.
     0 | D:1      | Reached XP level 1. HP: 18/18 MP: 0/0
   169 | D:1      | Reached XP level 2. HP: 22/25 MP: 1/1
   536 | D:1      | Reached skill level 5 in Ranged Weapons
  1007 | D:2      | Reached XP level 3. HP: 31/31 MP: 2/2
  1034 | D:2      | Noticed Sigmund
  1577 | D:3      | Reached XP level 4. HP: 40/40 MP: 3/3
  1589 | D:3      | Slain by a gnoll

Illustrated notes

Levels and vault maps discovered:
D:1:      lightli_arrival_statue_moat, layout_loops_corners
D:2:      minmay_razor_zed, layout_basic, uniq_sigmund
D:3:      layout_basic, wad_floor_pattern_untrapped

Skill      XL: |  1  2 |
---------------+-------+-----
Fighting       | 3 |  3.6
Ranged Weapons | 5 |  5.6
Dodging        | |  2.1
Stealth        | |  0.7

Action                     |  1- 3 |  4- 6 || total
---------------------------+-------+-------++-------
   Fire: Shortbow          |   117 |     8 ||   125
 Armour: Leather armour    |    27 |    11 ||    38
  Dodge: Dodged            |    24 |     6 ||    30

Table legend: (Time is in decaauts)
 A = Elapsed time spent in this place.
 B = Non-inter-level travel time spent in this place.
 C = Inter-level travel time spent in this place.
 D = Time resting spent in this place.
 E = Time spent auto-exploring this place.
 F = Levels seen in this place.
 G = Mean time per level.
                   A        B        C        D        E       F      G
               +--------+--------+--------+--------+--------+-----+--------+
         Total |   1609 |   1580 |     29 |    212 |   1111 |   3 |  536.3 |
       Dungeon |   1609 |   1580 |     29 |    212 |   1111 |   3 |  536.3 |
               +--------+--------+--------+--------+--------+-----+--------+

Top non-repeatable levels by time:
     D:1: 1001 daAuts
     D:2: 397 daAuts
     D:3: 210 daAuts
